 Dungeon Crawl Stone Soup version 0.22-a0-113-gdd6f4a9 (webtiles) character file.

1274 Kavrick the Poker (level 8, -1/62 HPs)
             Began as a Demonspawn Fighter on Jan 28, 2018.
             Was an Initiate of Dithmenos.
             Slain by galech's ghost (11 damage)
             ... on level 5 of the Dungeon.
             The game lasted 00:10:21 (5300 turns).

Kavrick the Poker (Demonspawn Fighter)              Turns: 5300, Time: 00:10:22

Health: -1/62      AC: 13    Str: 18    XL:     8   Next: 28%
Magic:  8/8        EV:  3    Int:  9    God:    Dithmenos [......]
Gold:   274        SH: 10    Dex: 14    Spells: 7/7 levels left

rFire    . . .     SeeInvis +   a - +0 trident
rCold    + . .     Gourm    .   c - +0 shield
rNeg     . . .     Faith    .   y - +0 plate armour
rPois    .         Spirit   .   (helmet restricted)
rElec    .         Reflect  .   (no cloak)
rCorr    .         Harm     .   (no gloves)
MR       .....                  j - +0 pair of boots
Stlth    ..........             (no amulet)
HPRegen  0.20/turn              n - ring of flight
MPRegen  0.11/turn              s - ring of see invisible

@: no status effects
A: horns 1, cold resistance 1, nightstalker 1
a: Renounce Religion, Evoke Flight


You were on level 5 of the Dungeon.
You worshipped Dithmenos.
Dithmenos was noncommittal.
You were not hungry.

You visited 2 branches of the dungeon, and saw 6 of its levels.

You collected 274 gold pieces.

Inventory:

Hand Weapons
 a - a +0 trident (weapon)
 i - a +0 halberd
Armour
 c - a +0 shield (worn)
 j - a +0 pair of boots (worn)
 y - a +0 plate armour (worn)
Jewellery
 n - a ring of flight (left hand)
 s - a ring of see invisible (right hand)
 x - an uncursed amulet of guardian spirit {unknown}
Wands
 v - a wand of paralysis (10)
Scrolls
 e - a scroll of magic mapping
 g - 3 scrolls of identify
 h - 2 scrolls of remove curse
 r - 3 scrolls of teleportation
 t - 2 scrolls of amnesia
 A - a scroll of blinking
 B - a scroll of enchant weapon {unknown}
Potions
 d - a potion of magic {unknown}
 k - a potion of resistance {unknown}
 l - 3 potions of flight
 m - a potion of agility {unknown}
 o - 3 potions of curing {unknown}
 p - 2 potions of heal wounds {unknown}
 w - 2 potions of ambrosia {unknown}
 z - 2 potions of haste {unknown}
Books
 q - a book of Air

   Spells                             Type                      Level
   a - Shock                          Conjuration/Air              1
   b - Swiftness                      Charms/Air                   2
   c - Static Discharge               Conjuration/Air              3
   d - Airstrike                      Air                          4
   e - Lightning Bolt                 Conjuration/Air              5
 u - a book of Geomancy

   Spells                             Type                      Level
   a - Sandblast                      Earth                        1
   b - Passwall                       Transmutation/Earth          2
   c - Stone Arrow                    Conjuration/Earth            3
   d - Petrify                        Transmutation/Earth          4
   e - Lee's Rapid Deconstruction     Earth                        5
Comestibles
 b - a chunk of flesh
 f - 10 rations


   Skills:
 + Level 5.3 Fighting
 * Level 6.0 Polearms
 + Level 4.9 Armour
 + Level 4.9 Shields


You had 7 spell levels left.
You didn't know any spells.

Dungeon Overview and Level Annotations

Branches:
Dungeon (5/15)             Temple (1/1) D:5

Altars:
Ashenzari
Cheibriados
Dithmenos
Elyvilon
Fedhas
Hepliaklqana
Kikubaaqudgha
Nemelex Xobeh
Okawaru
Qazlal
Ru
Sif Muna
Trog
Uskayaw
Vehumet
Xom
Yredelemnul
The Shining One

Annotations:
D:5 galech's ghost, amateur TrMo


Innate Abilities, Weirdness & Mutations

You have a pair of small horns on your head.
Your flesh is cold resistant. (rC+)
You are slightly more attuned to the shadows.


Message History

Galech's ghost is severely damaged.
You block galech's ghost's attack.
You closely miss galech's ghost.
Galech's ghost is severely damaged.
Galech's ghost hits you but does no damage.
You hit galech's ghost. Your headbutt misses galech's ghost.
Galech's ghost is severely damaged.
Galech's ghost hits you.
You puncture galech's ghost!
Galech's ghost is almost destroyed.
Galech's ghost hits you but does no damage.
You closely miss galech's ghost.
Galech's ghost is almost destroyed.
Galech's ghost hits you!
* * * LOW HITPOINT WARNING * * *
Okay, then.
You hit galech's ghost.
Galech's ghost is almost destroyed.
Galech's ghost hits you!
You die...

# ##### ###...#
## ##....# #..
......# ##..####
......#
#......#########
......###
...............
.........
#W@......#
.......##
####....##
..#...## #....#
##...## ##...#
##..## #...##
#..## #....#
#.## #....# ..#
##...## .##
#....#


You could see galech's ghost.

Vanquished Creatures
  The ghost of anet the Magician, a novice DEWz (D:4)
  A phantom (D:4)
  An ogre (D:4)
  2 centaurs (D:5)
  6 scorpions (D:4)
  A crimson imp (D:5)
  A centaur skeleton (D:4)
  A hound (D:4)
  A bullfrog skeleton (D:5)
  4 worker ants
  3 gnolls (D:1)
  8 adders
  A shadow imp (D:5)
  An ooze (D:1)
  4 worms
  A dart slug (D:1)
  4 leopard geckos
  An orc (D:3)
  14 bats
  3 giant cockroaches
  8 goblins
  9 hobgoblins
  7 jackals
  A quokka (D:3)
  2 ball pythons
  3 frilled lizards
  8 kobolds
  A quokka skeleton (D:4)
  7 rats
105 creatures vanquished.

Vanquished Creatures (others)
  20 fungi (D:4)
20 creatures vanquished.

Grand Total: 125 creatures vanquished

Notes
Turn   | Place    | Note
-------+----------+-------------------------------------------
     0 | D:1      | Kavrick the Demonspawn Fighter began the quest for the Orb.
     0 | D:1      | Reached XP level 1. HP: 18/18 MP: 1/1
   162 | D:1      | Reached skill level 2 in Polearms
   283 | D:1      | Gained mutation: You have a pair of small horns on your head. [demonic ancestry]
   283 | D:1      | Reached XP level 2. HP: 20/24 MP: 2/2
   390 | D:1      | Found a bloodstained altar of Trog.
   625 | D:1      | Reached XP level 3. HP: 23/29 MP: 3/3
  1469 | D:1      | Gained mutation: You are slightly more attuned to the shadows. [demonic ancestry]
  1469 | D:1      | Reached XP level 4. HP: 3/35 MP: 4/4
  1742 | D:2      | Reached skill level 3 in Polearms
  1748 | D:2      | Found a shattered altar of Ashenzari.
  2371 | D:3      | Reached XP level 5. HP: 37/42 MP: 5/5
  2620 | D:3      | Found a shimmering altar of Xom.
  2838 | D:3      | Found a snail-covered altar of Cheibriados.
  2904 | D:4      | Noticed anet's ghost (novice DEWz)
  2982 | D:4      | Killed anet's ghost
  2982 | D:4      | Reached skill level 4 in Polearms
  2982 | D:4      | Reached XP level 6. HP: 26/48 MP: 6/6
  3162 | D:4      | Reached XP level 7. HP: 21/55 MP: 7/7
  3480 | D:4      | Reached skill level 5 in Polearms
  3866 | D:4      | Reached skill level 5 in Fighting
  4336 | D:4      | Found a sacrificial altar of Ru.
  4684 | D:5      | Entered Level 5 of the Dungeon
  4707 | D:5      | Gained mutation: Your flesh is cold resistant. (rC+) [demonic ancestry]
  4707 | D:5      | Reached XP level 8. HP: 57/62 MP: 8/8
  4802 | D:5      | Found a staircase to the Ecumenical Temple.
  4820 | Temple   | Entered the Ecumenical Temple
  4959 | Temple   | Became a worshipper of Dithmenos the Shadowed
  5133 | D:5      | Reached skill level 6 in Polearms
  5274 | D:5      | Noticed galech's ghost (amateur TrMo)
  5300 | D:5      | Slain by galech's ghost

Vault maps used:
D:1:      noname_arrival_rooms_in_the_neighbourhood, minmay_hexomino_r4
D:2:      nicolae_ashenzari_panopticon
D:3:      nicolae_overflow_hidden_temple, marbit_many_paths, first_ration
D:4:      old_forge, nicolae_ru_path_of_blood
D:5:      gammafunk_temple_overflow_claw, minmay_temple_entry_trees,
          minivault_26, minmay_misc_feat_ornament, uniq_blork_the_orc
Temple:   lightli_temple_of_artemis

Skill      XL: |  1  2  3  4  5  6  7  8 |
---------------+-------------------------+-----
Polearms       | 2 3 4 5 6 |  6.0
Armour         | 3 4 |  4.9
Shields        | 3 4 |  4.9
Fighting       | 4 5 |  5.3

Action                   |  1- 3 |  4- 6 |  7- 9 || total
-------------------------+-------+-------+-------++-------
Melee: Trident           |   106 |   128 |   224 ||   458
       Headbutt          |    15 |    18 |    37 ||    70
  Use: Potion            |     1 |     1 |       ||     2
       Scroll            |       |     8 |       ||     8
  Eat: Chunk             |     2 |     5 |     4 ||    11
       Ration            |       |       |     1 ||     1
Armor: Scale mail        |    36 |    16 |       ||    52
       Plate armour      |       |    28 |   114 ||   142
Dodge: Dodged            |    31 |    18 |    16 ||    65
Block: Shield            |    36 |    43 |    80 ||   159

Table legend:
 A = Spawn XP
 B = Non-spawn XP
 C = Spawn XP percentage of total XP
 D = Spawn monster count
 E = Non-spawn monster count
 F = Spawn count percentage of total count
 G = Total turns spent on level
                    A         B        C        D         E        F      G
               +---------+---------+-------+---------+---------+-------+---------
         Total |       0 |    1820 |   0.0 |       0 |     105 |   0.0 |  5300
               +---------+---------+-------+---------+---------+-------+---------
           D:1 |       0 |     101 |   0.0 |       0 |      31 |   0.0 |  1547
           D:2 |       0 |      69 |   0.0 |       0 |      16 |   0.0 |   518
           D:3 |       0 |      65 |   0.0 |       0 |      20 |   0.0 |   917
           D:4 |       0 |    1181 |   0.0 |       0 |      29 |   0.0 |  1702
           D:5 |       0 |     404 |   0.0 |       0 |       9 |   0.0 |   459
               +---------+---------+-------+---------+---------+-------+---------
